 Dungeon Crawl Stone Soup version 0.31-a0-636-ge1c0e020e0 (webtiles) character file.

Game seed: 1333564709969078457

54 jlumianski the Magician (level 4, 0/31 HPs)
             Began as a Djinni Fire Elementalist on Aug 26, 2023.
             Constricted to death by Ijyb (3 damage)
             ... on level 3 of the Dungeon.
             The game lasted 00:09:06 (1951 turns).

jlumianski the Magician (Djinni Fire Elementalist)  Turns: 1951, Time: 00:09:09

Health: 0/31       AC:  2    Str:  7    XL:     4   Next: 12%
Gold:   152        EV: 10    Int: 18    God:
                   SH:  0    Dex: 14

rFire   + + .        b - +0 short sword
rCold   x . .        (no shield)
rNeg    . . .        a - +0 robe
rPois   ∞            (no helmet)
rElec   .            (no cloak)
rCorr   +            (no gloves)
SInv    .            (boots unavailable)
Will    .....        (no amulet)
Stlth   ++           l - ring of resist corrosion
HPRegen 0.25/turn    (no ring)
MPRegen 0.00/turn

%: infuse magic (-1 HP)
@: grasped by roots, flying, constricted
A: sickness immunity, fire resistance 2, cold vulnerability 1, float, innate
caster, HP casting, extra vitality 1
a: no special abilities


You were on level 3 of the Dungeon.
You visited 1 branch of the dungeon, and saw 4 of its levels.

You collected 152 gold pieces.

Inventory:

Hand Weapons
 b - a +0 short sword (weapon)
Armour
 a - a +0 robe (worn)
Jewellery
 l - a ring of resist corrosion (left hand)
Wands
 o - a wand of digging (5)
Scrolls
 c - a scroll of immolation
 d - a scroll of teleportation {unknown}
 e - a scroll of amnesia {unknown}
 f - a scroll of enchant weapon {unknown}
 g - 2 scrolls of poison {unknown}
 h - a scroll of noise {unknown}
 i - a scroll of blinking {unknown}
 j - 2 scrolls of fear {unknown}
Potions
 k - a potion of curing
 m - a potion of might {unknown}
 n - a potion of invisibility {unknown}
 p - a potion of magic {unknown}
 q - 2 potions of attraction


   Skills:
 + Level 0.1 Fighting
 + Level 0.3 Short Blades
 + Level 2.9 Dodging
 + Level 2.5 Stealth
 * Level 3.3 Spellcasting
 * Level 3.3 Conjurations
 * Level 3.3 Hexes
 * Level 3.3 Summonings
 * Level 3.3 Necromancy
 * Level 3.3 Translocations
 * Level 3.3 Transmutations
 * Level 3.3 Fire Magic
 * Level 3.3 Ice Magic
 * Level 3.3 Air Magic
 * Level 3.3 Earth Magic
 * Level 3.3 Poison Magic


You knew the following spells:

 Your Spells              Type           Power      Damage    Failure   Level
a - Foxfire               Conj/Fire      56%        2x1d6     4%          1
b - Scorch                Fire           28%        2d6       6%          2
c - Volatile Blastmotes   Fire/Tloc      28%        2d12      12%         3
d - Inner Flame           Hex/Fire       14%        N/A       12%         3
e - Flame Wave            Conj/Fire      14%        2d6       38%         4
f - Sandblast             Erth           28%        2d8       4%          1
Your spell library was empty.

Dungeon Overview and Level Annotations

Branches:
Dungeon (4/15)
 Temple: D:4-7

Altars:

Annotations:
D:3 Ijyb


Innate Abilities, Weirdness & Mutations

You are immune to sickness and miasma.
You are immune to poison.
Your flesh is very heat resistant. (rF++)
You are vulnerable to cold. (rC-)
You float through the air rather than walking.
You learn spells naturally, not from books.
Your magical power is your life essence.
You have superior vitality. (+4 MHP)


Message History

Press: ? - help, Shift-Dir - straight line, f - ball python
Aim: a ball python (80% to hit)
The blast of sand hits the ball python.
You kill the ball python!
There is a stone staircase leading down here.
You fly downwards.
Found a leather armour.
There is a stone staircase leading up here.
A kobold comes into view. It is wielding a +0 dagger.
Ijyb shouts!
The kobold shouts!
Ijyb attacks as she pursues you! Ijyb hits you but does no damage.
There is a stone staircase leading up here.
Ijyb hits you with a +0 dagger.
You fly upwards.
There is a stone staircase leading down here.
Casting: Sandblast (safe; 4% risk of failure)
Confirm with . or Enter, or press ? or * to list all spells.
Flames lash Ijyb.
Ijyb is moderately wounded.
Ijyb's fire resistance burns away.
Ijyb hits you with a +0 dagger.
Casting: Scorch (safe; 6% risk of failure)
Confirm with . or Enter, or press ? or * to list all spells.
Flames lash Ijyb but do no damage.
Ijyb zaps a wand.
The roots erupt in riotous growth!
The grasping roots grab you!
Ijyb is unaffected.
The grasping roots constrict you.
Casting: Scorch (safe; 6% risk of failure)
Confirm with . or Enter, or press ? or * to list all spells.
Flames lash Ijyb.
Ijyb is burned terribly!
Ijyb is severely wounded.
Ijyb hits you with a +0 dagger. The grasping roots constrict you.
Okay, then.
Casting: Scorch (safe; 6% risk of failure)
Confirm with . or Enter, or press ? or * to list all spells.
Flames lash Ijyb but do no damage.
* * * LOW HITPOINT WARNING * * *
Ijyb hits you with a +0 dagger.
* * * LOW HITPOINT WARNING * * *
The grasping roots constrict you.
You die...

#. ### ..####.. ######
.......## #...... #.....@#
..# ##...#g## ### ###.#..####
##############.......#
.....................#
......############.### #.#
.####..####### ...##..####
...###.......######.........#
.....#.....#......#........<#


You could see Ijyb (combustible).

Vanquished Creatures
  An adder (D:2)
  A dart slug (D:2)
  An orc (D:3)
  5 endoplasms
  A giant cockroach (D:4)
  4 goblins
  6 hobgoblins
  A quokka (D:3)
  8 ball pythons
  A bat (D:1)
  6 kobolds (D:1)
  4 rats
39 creatures vanquished.

Vanquished Creatures (others)
  74 foxfires
74 creatures vanquished.

Grand Total: 113 creatures vanquished

Notes
Turn   | Place    | Note
-------+----------+-------------------------------------------
     0 | D:1      | jlumianski the Djinni Fire Elementalist began the quest for
                  | the Orb.
     0 | D:1      | jlumianski set off with the following spells memorised:
                  | Foxfire, Scorch, Volatile Blastmotes, Inner Flame, Flame
                  | Wave.
     0 | D:1      | Reached XP level 1. HP: 15/15 MP: 0/0
   110 | D:1      | Reached XP level 2. HP: 14/21 MP: 0/0
   395 | D:1      | Reached XP level 3. HP: 24/25 MP: 0/0
   395 | D:1      | Learned a level 1 spell: Sandblast
   723 | D:1      | Found a faded altar of an unknown god.
  1708 | D:4      | Reached XP level 4. HP: 30/31 MP: 0/0
  1943 | D:4      | Noticed Ijyb
  1951 | D:3      | Constricted to death by Ijyb

Illustrated notes

Levels and vault maps discovered:
D:1:      minmay_arrival_radiant_lines, layout_basic,
          shapermc_ecumenical_altar_mp_highgroup, minmay_unequal
D:2:      layout_loops_corners
D:3:      layout_rooms, mainiacjoe_overflow_alcove_2
D:4:      layout_rooms, mainiacjoe_overflow_cross_hatched,
          minmay_temple_entry_tees, uniq_grinder, uniq_ijyb

Skill      XL: |  1  2 |
---------------+-------+-----
Spellcasting   | |  3.3
Conjurations   | |  3.3
Hexes          | |  3.3
Summonings     | |  3.3
Necromancy     | |  3.3
Translocations | |  3.3
Transmutations | |  3.3
Fire Magic     | |  3.3
Ice Magic      | |  3.3
Air Magic      | |  3.3
Earth Magic    | |  3.3
Poison Magic   | |  3.3
Stealth        | 2 |  2.5
Fighting       | |  0.1
Short Blades   | |  0.3
Dodging        | |  2.9

Action                     |  1- 3 |  4- 6 || total
---------------------------+-------+-------++-------
  Melee: Short sword       |    17 |     6 ||    23
   Cast: Foxfire           |    37 |     6 ||    43
         Sandblast         |     3 |     3 ||     6
         Scorch            |     1 |     4 ||     5
    Use: Scroll            |     2 |       ||     2
         Potion            |       |     1 ||     1
   Stab: Sleeping          |     3 |       ||     3
 Armour: Robe              |     6 |     1 ||     7
  Dodge: Dodged            |    22 |     9 ||    31

Table legend: (Time is in decaauts)
 A = Elapsed time spent in this place.
 B = Non-inter-level travel time spent in this place.
 C = Inter-level travel time spent in this place.
 D = Time resting spent in this place.
 E = Time spent auto-exploring this place.
 F = Levels seen in this place.
 G = Mean time per level.
                   A        B        C        D        E       F      G
               +--------+--------+--------+--------+--------+-----+--------+
         Total |   1955 |   1945 |     10 |     51 |   1336 |   4 |  488.8 |
       Dungeon |   1955 |   1945 |     10 |     51 |   1336 |   4 |  488.8 |
               +--------+--------+--------+--------+--------+-----+--------+

Top non-repeatable levels by time:
     D:1: 924 daAuts
     D:2: 723 daAuts
     D:3: 274 daAuts
     D:4: 34 daAuts
